 Dungeon Crawl Stone Soup version 0.31.0-32-g396128a36d (webtiles) character file.

Game seed: 5703077324052536331

429 BigDaddyOpFi the Trooper (level 7, -1/54 (56) HPs)
             Began as a Formicid Chaos Knight on Apr 10, 2024.
             Was a Plaything of Xom.
             Slain by Grinder (2 damage)
             ... on level 4 of the Dungeon.
             The game lasted 00:03:32 (3081 turns).

BigDaddyOpFi the Trooper (Formicid Chaos Knight)    Turns: 3081, Time: 00:03:33

HP:   -1/54 (56)    AC:  7    Str: 19    XL:     7   Next: 19%
MP:   7/7           EV: 11    Int: 11    God:    Xom [......]
Gold: 119           SH:  0    Dex: 16    Spells: 6/6 levels left

rFire   . . .        a - +0 falchion (chaos)
rCold   + . .        (no shield)
rNeg    . . .        g - +0 scale mail
rPois   +            (helmet unavailable)
rElec   .            (no cloak)
rCorr   .            (no gloves)
SInv    +            j - -1 pair of boots "Afenk" {rC+ Dex+3}
Will    +....        e - amulet of magic regeneration Stlth
                     (no ring)
HPRegen 0.29/turn    (no ring)
MPRegen 0.50/turn

%: no passive effects
@: lightly drained
A: permanent stasis, dig shafts and tunnels, antennae 3, four strong arms,
strong-willed 1, mutation resistance 1, poison resistance
a: Dig, Shaft Self, Renounce Religion


You were on level 4 of the Dungeon.
You worshipped Xom.
You were a very special plaything of Xom.
You visited 1 branch of the dungeon, and saw 4 of its levels.

You collected 119 gold pieces.

Inventory:

Hand Weapons
 a - a +0 falchion of chaos (weapon)
Armour
 g - a +0 scale mail (worn)
 j - the -1 pair of boots "Afenk" (worn) {rC+ Dex+3}
   (You found it on level 2 of the Dungeon)

   Dex+3:     It affects your dexterity (+3).
   rC+:       It protects you from cold.
Jewellery
 e - an amulet of magic regeneration (around neck)
Wands
 m - a wand of iceblast (6)
Scrolls
 c - a scroll of butterflies
 f - 3 scrolls of teleportation
 l - a scroll of identify {unknown}


   Skills:
 + Level 5.0 Fighting
 + Level 4.6 Long Blades
 + Level 4.3 Armour
 + Level 3.1 Dodging


You had 6 spell levels left.
You didn't know any spells.
Your spell library contained the following spells:

 Spells                   Type           Power      Damage    Failure   Level
 Summon Small Mammal      Summ           0%         N/A       71%         1
 Call Canine Familiar     Summ           0%         N/A       97%         3
 Summon Blazeheart Golem  Fire/Summ      0%         N/A       100%        4


Dungeon Overview and Level Annotations

Branches:
Dungeon (4/15)
 Temple: D:4-7

Altars:
Sif Muna

Annotations:
D:4 Grinder


Innate Abilities, Weirdness & Mutations

You cannot be hasted, slowed, berserked, paralysed or teleported.
You can dig through walls and to a lower floor.
You have a pair of large antennae on your head. (SInv)
Your four strong arms can wield two-handed weapons with a shield.
You are strong-willed. (Will+)
You are somewhat resistant to further mutation.
Your system is resistant to poisons. (rPois)


Message History

Grinder gestures at you. You resist with almost no effort.
You hit Grinder.
Grinder's magic leaks into the air.
Grinder is lightly wounded.
Grinder hits you.
You writhe in agony.
You hit Grinder.
Grinder is lightly wounded.
Grinder hits you!
You writhe in agony.
* * * LOW HITPOINT WARNING * * *
You hit Grinder but do no damage.
Grinder is lightly wounded.
Grinder hits you but does no damage.
You barely miss Grinder.
Grinder is lightly wounded.
Grinder's magic is no longer disrupted.
Grinder hits you but does no damage.
It was a potion of cancellation.
Your magical effects are unravelling.
You feel magically purged.
Xom roars with laughter!
You feel less wooden.
The -1 pair of boots "Afenk" {rC+ Dex+3} unmelds from your body.
Your +0 scale mail unmelds from your body.
You feel a little less clever now. Grinder hits you.
* * * LOW HITPOINT WARNING * * *
As you read the scroll labelled VAOPIEG PETAOSH, it crumbles to dust.
You feel a strange sense of stasis.
It was a scroll of teleportation.
Grinder hits you.
* * * LOW HITPOINT WARNING * * *
You writhe in agony.
* * * LOW HITPOINT WARNING * * *
You aren't carrying any potions.
Unknown command.
Okay, then.
Grinder attacks as she pursues you! Grinder hits you!
* * * LOW HITPOINT WARNING * * *
You writhe in agony.
You die...
Grinder says, "Hey, I wasn't done torturing you yet!"
Xom giggles madly!

### .. ..# #. #.#
#. #.# #. #.# ) #.
#@# ... #> #5#
.....#.###)#######
#....g..)......#
##...###.#####.#
#..# #.#
#.######## #.. #.#
#........# #., #.#
########<# .. ..#
#.#


You could see Grinder.

Vanquished Creatures
  Sigmund (D:3)
  A gnoll bouda (D:4)
  Natasha (thrice) (D:2)
  4 adders
  5 gnolls (D:4)
  A ribbon worm (D:3)
  2 dart slugs (D:3)
  An orc (D:3)
  8 endoplasms
  A giant cockroach (D:3)
  3 goblins
  15 hobgoblins
  2 jackals (D:1)
  2 kobolds
  5 quokkas
  9 ball pythons
  4 bats
  3 frilled lizards (D:1)
  6 rats
76 creatures vanquished.

Notes
Turn   | Place    | Note
-------+----------+-------------------------------------------
     0 | D:1      | BigDaddyOpFi the Formicid Chaos Knight began the quest for
                  | the Orb.
     0 | D:1      | Reached XP level 1. HP: 18/18 MP: 1/1
    37 | D:1      | XOM: silly message
    48 | D:1      | Reached skill level 1 in Dodging
    76 | D:1      | Reached XP level 2. HP: 19/24 MP: 2/2
   274 | D:1      | Reached XP level 3. HP: 28/29 MP: 3/3
   375 | D:1      | XOM: give mutations
   375 | D:1      | Gained mutation: Your system is resistant to poisons.
                  | (rPois) [Xom's mischief]
   375 | D:1      | Gained mutation: You are agile. (Dex +4, Str/Int -1) [Xom's
                  | mischief]
   429 | D:1      | XOM: give mutations
   429 | D:1      | Gained mutation: You are strong-willed. (Will+) [Xom's
                  | mischief]
   429 | D:1      | Lost mutation: You are agile. (Dex +4, Str/Int -1) [Xom's
                  | mischief]
   429 | D:1      | Gained mutation: You are somewhat resistant to further
                  | mutation. [Xom's mischief]
   429 | D:1      | Gained mutation: You occasionally lose the ability to drink
                  | potions when taking damage. [Xom's mischief]
   450 | D:1      | XOM: draining
   916 | D:2      | Reached XP level 4. HP: 25/35 MP: 4/4
   976 | D:2      | Noticed Natasha
   984 | D:2      | Killed Natasha
  1045 | D:2      | Reached skill level 4 in Fighting
  1060 | D:2      | Found a shimmering blue altar of Sif Muna.
  1108 | D:2      | Identified the -1 pair of boots "Afenk" {rC+ Dex+3}
  1337 | D:2      | Noticed Natasha
  1342 | D:2      | XOM: enchant monster (bad)
  1346 | D:2      | Killed Natasha
  1347 | D:2      | Reached XP level 5. HP: 26/42 MP: 5/5
  1361 | D:2      | Noticed Natasha
  1371 | D:2      | Killed Natasha
  1379 | D:2      | XOM: summons 3 hostile shadow creatures
  1454 | D:2      | XOM: stat loss: -1 Int (10/11)
  2164 | D:3      | XOM: summons 2 hostile shadow creatures
  2430 | D:3      | XOM: noise
  2495 | D:3      | Noticed Sigmund
  2509 | D:3      | XOM: confuse monster(s)
  2519 | D:3      | XOM: chaos cloud
  2520 | D:3      | Killed Sigmund
  2521 | D:3      | Reached XP level 6. HP: 38/49 MP: 6/6
  2628 | D:3      | XOM: noise
  2970 | D:3      | XOM: give mutation
  2970 | D:3      | Lost mutation: You occasionally lose the ability to drink
                  | potions when taking damage. [Xom's mischief]
  3030 | D:4      | Noticed Grinder
  3046 | D:4      | XOM: draining
  3051 | D:4      | Reached XP level 7. HP: 43/49 MP: 7/7
  3064 | D:4      | Reached skill level 5 in Fighting
  3081 | D:4      | HP: 1/54 [Grinder (7)]
  3081 | D:4      | Slain by Grinder

Illustrated notes

Levels and vault maps discovered:
D:1:      evilmike_arrival_fibonacci_small, layout_rooms, hex_medium,
          st_stairs_11
D:2:      layout_basic, basic_altar, uniq_natasha
D:3:      layout_basic, serial_forest, infiniplex_forest_lined_corner,
          infiniplex_forest_lined_3_way, infiniplex_forest_straight_2,
          infiniplex_forest_lined_corner, infiniplex_forest_pool,
          infiniplex_forest_end_double, infiniplex_forest_end_3,
          chequers_serial_rivers_micro_b, uniq_sigmund
D:4:      layout_loops_ring, kennysheep_mini, minmay_temple_entry_offerings,
          uniq_grinder

Skill      XL: |  1  2  3  4  5  6  7 |
---------------+----------------------+-----
Dodging        | 1 2 3 |  3.1
Armour         | 3 4 |  4.3
Fighting       | 4 5 |  5.0
Long Blades    | 4 |  4.6

Action                     |  1- 3 |  4- 6 |  7- 9 || total
---------------------------+-------+-------+-------++-------
  Melee: Falchion          |   121 |   148 |    24 ||   293
         Punch             |     2 |     1 |       ||     3
    Use: Scroll            |       |     1 |     1 ||     2
         Potion            |       |     4 |     3 ||     7
   Stab: Confused          |       |     1 |       ||     1
 Armour: Leather armour    |    69 |       |       ||    69
         Scale mail        |    18 |   128 |    12 ||   158
         Skin              |       |       |     8 ||     8
  Dodge: Dodged            |   101 |   134 |    14 ||   249
